 Dungeon Crawl Stone Soup version 0.19-a0-944-gb338e1e (webtiles) character file.

1194 retryentry the Slasher (level 8, -5/70 HPs)
             Began as a Demigod Fighter on July 8, 2016.
             Slain by an orc wizard
             ... wielding a +1 dagger of electrocution
              (16 damage)
             ... on level 6 of the Dungeon.
             The game lasted 00:08:31 (4139 turns).

retryentry the Slasher (Demigod Fighter)            Turns: 4139, Time: 00:08:31

Health: -5/70      AC:  8    Str: 19    XL:     8   Next: 0%
Magic:  10/10      EV:  7    Int:  7    God:
Gold:   419        SH:  9    Dex: 19    Spells: 0 memorised, 7 levels left

rFire  . . .     SeeInvis .     m - +5 falchion "Efrufuymit" {freeze, rC+++ MR+ Int-5 Stlth+}
rCold  + + +     Gourm    .     b - +0 scale mail
rNeg   . . .     Faith    .     c - +0 shield
rPois  .         Spirit   .     (no helmet)
rElec  .         Dismiss  .     n - +1 cloak
rCorr  .         Reflect  .     (no gloves)
SustAt +         Harm     .     (no boots)
MR     +....                    p - amulet of regeneration
Stlth  ++........               (no ring)
                                s - ring of stealth

@: somewhat resistant to hostile enchantments, unstealthy
A: hooves 1, high mp 1, sustain attributes, MP-powered wands
a: no special abilities


You were on level 6 of the Dungeon.
You were not hungry.

You visited 1 branch of the dungeon, and saw 6 of its levels.

You collected 419 gold pieces.

Inventory:

Hand Weapons
 m - the +5 falchion "Efrufuymit" (weapon) {freeze, rC+++ MR+ Int-5 Stlth+}
   (You found it on level 2 of the Dungeon)

   It has been specially enchanted to freeze those struck by it, causing extra
   injury to most foes and up to half again as much damage against particularly
   susceptible opponents.
   It can also slow down cold-blooded creatures.
   It affects your intelligence (-5).
   It renders you almost immune to cold.
   It affects your resistance to hostile enchantments.
   It makes you more stealthy.
Missiles
 g - 5 javelins (quivered)
Armour
 b - a +0 scale mail (worn)
 c - a +0 shield (worn)
 n - a +1 cloak (worn)
Jewellery
 h - a +6 ring of intelligence {unknown}
 p - an amulet of regeneration (around neck)
 s - a ring of stealth (left hand)
Scrolls
 i - 3 scrolls of enchant armour
 j - 3 scrolls of remove curse
 k - 3 scrolls of teleportation {unknown}
 l - 2 scrolls of immolation {unknown}
 u - a scroll of random uselessness {unknown}
 v - 2 scrolls of amnesia {unknown}
 y - a scroll of enchant weapon {unknown}
 D - 2 scrolls of noise {unknown}
Potions
 d - a potion of might
 e - 2 potions of lignification {unknown}
 o - 2 potions of mutation
 r - a potion of heal wounds
 t - 3 potions of curing {unknown}
 w - 2 potions of degeneration {unknown}
 x - a potion of magic
 B - a potion of invisibility
 C - a potion of agility
 F - 2 potions of brilliance
 G - a potion of ambrosia {unknown}
Comestibles
 a - a slice of pizza
 f - 5 bread rations
 q - 2 fruits
 z - 2 meat rations
 A - 2 beef jerkies
 E - 2 chunks of flesh


   Skills:
 + Level 6.0 Fighting
 * Level 7.4 Long Blades
 - Level 2.6 Armour
 - Level 2.6 Shields


You had 7 spell levels left.
You didn't know any spells.

Dungeon Overview and Level Annotations

Branches:
Dungeon (6/15)             Temple (0/1) D:4


Innate Abilities, Weirdness & Mutations

You have an increased reservoir of magic. (+10% MP)
Your attributes are resistant to harm.
You have large cloven feet.
You expend magic power (3 MP) to strengthen your wands.


Message History

Something hits you but does no damage.
You are electrocuted!
The orc throws a tomahawk.
The tomahawk closely misses you.
You completely miss something.
You hear some strange, mumbled words.
Something tries to affect you, but you resist.
You hit something. You freeze something. You kick something.
Something hits you but does no damage.
You are electrocuted!
* * * LOW HITPOINT WARNING * * *
The orc throws a tomahawk.
You block the tomahawk.
You are too injured to fight recklessly!
You are too injured to fight recklessly!
You are too injured to fight recklessly!
You miss something. Something hits you.
* * * LOW HITPOINT WARNING * * *
You are electrocuted!
* * * LOW HITPOINT WARNING * * *
The orc throws a tomahawk.
You miss something. Your kick misses something.
Something hits you but does no damage.
You are electrocuted!
You die...

#.# #. # .. #
.. # .. ##§ . .
.##.§ ... .....
#######O.!..
.....
####((@(ooJZ...
..§§.
#....#####o....
..#§§ #.####
... #§ #.# . #
#.## # #..#
##.# ## #.## #.
#..## #.


You could see an ogre, a jelly, an orc wizard, 2 orcs and a giant gecko zombie.

Vanquished Creatures
  The ghost of tstbtto the Slasher, an amateur HEFi (D:4)
  An ice beast (D:5)
  An ogre (D:5)
  A sky beast (D:5)
  2 centaurs
  The ghost of tstbtto the Slasher, an amateur HEFi (D:3)
  A giant frog (D:3)
  3 orc priests
  A centaur skeleton (D:4)
  3 hounds
  2 iguanas
  2 worker ants
  4 gnolls
  5 adders
  An ooze (D:2)
  An adder skeleton (D:4)
  2 worms (D:3)
  A dart slug (D:1)
  2 giant geckos
  10 orcs
  6 bats
  4 giant cockroaches
  8 goblins
  8 hobgoblins
  19 jackals
  4 quokkas
  A ball python (D:4)
  A giant gecko skeleton (D:4)
  4 giant newts
  8 kobolds
  A quokka skeleton (D:6)
  4 rats (D:2)
113 creatures vanquished.

Notes
Turn   | Place    | Note
-------+----------+-------------------------------------------
     0 | D:1      | retryentry the Demigod Fighter began the quest for the Orb.
     0 | D:1      | Reached XP level 1. HP: 18/18 MP: 3/3
   164 | D:1      | Reached XP level 2. HP: 26/26 MP: 4/4
   311 | D:1      | Reached skill level 2 in Long Blades
   516 | D:2      | Reached XP level 3. HP: 33/33 MP: 5/5
   540 | D:2      | Got a crude falchion
   541 | D:2      | Identified the +5 falchion "Efrufuymit" {freeze, rC+++ MR+ Int-5 Stlth+} (You found it on level 2 of the Dungeon)
  1521 | D:3      | Found a snail-covered altar of Cheibriados.
  1533 | D:3      | Reached skill level 3 in Long Blades
  1533 | D:3      | Reached XP level 4. HP: 22/40 MP: 6/6
  1784 | D:3      | Noticed a giant frog
  1792 | D:3      | Killed a giant frog
  1792 | D:3      | Reached XP level 5. HP: 47/47 MP: 7/7
  1916 | D:3      | Noticed tstbtto's ghost (amateur HEFi)
  2142 | D:3      | Killed tstbtto's ghost
  2142 | D:3      | Reached skill level 4 in Long Blades
  2647 | D:4      | Noticed tstbtto's ghost (amateur HEFi)
  2657 | D:3      | Reached XP level 6. HP: 50/55 MP: 8/8
  2673 | D:4      | Killed tstbtto's ghost
  2673 | D:4      | Reached skill level 5 in Fighting
  2673 | D:4      | Reached skill level 5 in Long Blades
  2746 | D:4      | Found a staircase to the Ecumenical Temple.
  3225 | D:4      | Reached XP level 7. HP: 53/61 MP: 5/9
  3408 | D:5      | Entered Level 5 of the Dungeon
  3528 | D:5      | Reached skill level 6 in Long Blades
  3718 | D:5      | Got a turquoise-studded leather armour
  3729 | D:5      | Identified the cursed +0 leather armour "Niyd" {rN+ Int+2 Dex-3} (You found it on level 5 of the Dungeon)
  3791 | D:5      | Reached skill level 7 in Long Blades
  3798 | D:5      | Gained mutation: You expend magic power (3 MP) to strengthen your wands. [mutagenic meat]
  3801 | D:5      | Gained mutation: You have large cloven feet. [mutagenic meat]
  4035 | D:6      | Found a shadowy altar of Dithmenos.
  4130 | D:6      | Reached XP level 8. HP: 53/70 MP: 10/10
  4139 | D:6      | Slain by an orc wizard

Vault maps used:
D:1:      minmay_arrival_glassed_features
D:2:      minmay_diamond_boxcup
D:3:      lemuel_doored_altar
D:4:      first_bread
D:5:      solitary_fountain, kennysheep_potato
D:6:      overflow_temple_1_default, minitemple, nicolae_dithmenos_the_darkroom

Skill      XL: |  1  2  3  4  5  6  7 |
---------------+----------------------+-----
Fighting       | 3 4 5 6 |  6.0
Long Blades    | 2 3 4 5 7 |  7.4
Armour         | |  2.6
Shields        | |  2.6

Action                   |  1- 3 |  4- 6 |  7- 9 || total
-------------------------+-------+-------+-------++-------
Melee: Long sword        |    94 |       |       ||    94
       Falchion          |    36 |   132 |    79 ||   247
       Kick              |       |       |    10 ||    10
Throw: Javelin           |       |       |     1 ||     1
  Use: Scroll            |       |       |     8 ||     8
 Stab: Sleeping          |       |     2 |     3 ||     5
       Distracted        |       |       |     1 ||     1
  Eat: Chunk             |     2 |     5 |     7 ||    14
Armor: Scale mail        |    42 |    26 |    16 ||    84
Dodge: Dodged            |    33 |    24 |    17 ||    74
Block: Shield            |    59 |    52 |    26 ||   137
